PL
LAS VEGAS FLAMINGOS @ CHICAGO GOLD SOX
07/02/2034
 
TOP OF THE 1ST
Las Vegas Flamingos batting - Pitching for Chicago Gold Sox : RHP Tom McKee
Pitching: RHP Tom McKee
Batting: LHB Ruud van Ineveld 0-0: Ball
1-0: Ball
2-0: SOLO HOME RUN (Flyball, 9LD), Distance : 362 ft
Batting: RHB Sake van Arem 0-0: Swinging Strike
0-1: Foul Ball, location: 2F
0-2: Ball
1-2: Strikes out swinging
Batting: RHB Baldomero Avino 0-0: Ball
1-0: Ball
2-0: Ball
3-0: Called Strike
3-1: Base on Balls
Batting: LHB Victor Adams 0-0: Foul Ball, location: 2F
0-1: Called Strike
0-2: Foul Ball, location: 2F
0-2: Ball
1-2: Grounds into double play, 1-6-3 (Groundball, P)
Top of the 1st over - 1 run, 1 hit, 0 errors, 0 left on base; Las Vegas 1 - Chicago 0
BOTTOM OF THE 1ST
Chicago Gold Sox batting - Pitching for Las Vegas Flamingos : RHP Germán Rodríguez
Pitching: RHP Germán Rodríguez
Batting: RHB Mario Álvarez 0-0: Called Strike
0-1: Fly out, F4 (Popup, 4S)
Batting: RHB Ramón Rodríguez 0-0: Called Strike
0-1: Called Strike
0-2: Ball
1-2: Foul Ball, location: 2F
1-2: DOUBLE (Line Drive, 78D)
Batting: SHB Lupo Cotto 0-0: Swinging Strike
0-1: Swinging Strike
0-2: Ball
1-2: Strikes out swinging
Batting: RHB Shimei Miura 0-0: Called Strike
0-1: Ball
1-1: Foul Ball, location: 2F
1-2: Strikes out swinging
Bottom of the 1st over - 0 runs, 1 hit, 0 errors, 1 left on base; Las Vegas 1 - Chicago 0
TOP OF THE 2ND
Las Vegas Flamingos batting - Pitching for Chicago Gold Sox : RHP Tom McKee
Batting: RHB Daniel Maldonado 0-0: Reached on error, E3 (Groundball, 34)
Batting: RHB Xavier Hernández 0-0: Ball
1-0: Fly out, F8 (Flyball, 8RS)
Batting: LHB Xu Cheng 0-0: Ball
1-0: Foul Ball, location: 2F
1-1: Ball
2-1: Swinging Strike
2-2: Foul Ball, location: 2F
2-2: Foul Ball, location: 2F
2-2: Foul Ball, location: 2F
2-2: DOUBLE (Flyball, 89D)
Daniel Maldonado to third
Batting: RHB Ellis Greenham 0-0: Foul Ball, location: 2F
0-1: Ball
Wild Pitch!
Daniel Maldonado scores
Xu Cheng to third
1-1: Swinging Strike
1-2: Strikes out swinging
Batting: RHB Jeff Young 0-0: Foul Ball, location: 2F
0-1: Ball
1-1: Fly out, F8 (Flyball, 8RD)
Top of the 2nd over - 1 run, 1 hit, 1 error, 1 left on base; Las Vegas 2 - Chicago 0
BOTTOM OF THE 2ND
Chicago Gold Sox batting - Pitching for Las Vegas Flamingos : RHP Germán Rodríguez
Batting: SHB Valentín Guzmán 0-0: Ball
1-0: Ball
2-0: Called Strike
2-1: Foul Ball, location: 2F
2-2: Ball
3-2: Strikes out looking
Batting: RHB Jay Hood 0-0: Called Strike
0-1: DOUBLE (Groundball, 5L)
Batting: RHB Hirohisa Ogasawara 0-0: Ball
1-0: Ball
2-0: Ball
3-0: Foul Ball, location: 2F
3-1: Base on Balls
Batting: RHB Felix Plugge 0-0: Foul Ball, location: 2F
0-1: Ball
1-1: Ball
2-1: Called Strike
2-2: Foul Ball, location: 2F
2-2: Ball
3-2: Foul Ball, location: 2F
3-2: Fly out, F7 (Flyball, 78D)
Batting: RHB Zeus Preckwinkle 0-0: Called Strike
0-1: Foul Ball, location: 2F
0-2: Ball
1-2: Ground out 5-3 (Groundball, 5S)
Bottom of the 2nd over - 0 runs, 1 hit, 0 errors, 2 left on base; Las Vegas 2 - Chicago 0
TOP OF THE 3RD
Las Vegas Flamingos batting - Pitching for Chicago Gold Sox : RHP Tom McKee
Batting: LHB Ruud van Ineveld 0-0: Called Strike
0-1: Swinging Strike
0-2: Ball
1-2: Ball
2-2: Foul Ball, location: 2F
2-2: Foul Ball, location: 2F
2-2: Strikes out looking
Batting: RHB Sake van Arem 0-0: Foul Ball, location: 2F
0-1: Ground out 6-3 (Groundball, 6)
Batting: RHB Baldomero Avino 0-0: Ball
1-0: Fly out, F5 (Popup, 5D)
Top of the 3rd over - 0 runs, 0 hits, 0 errors, 0 left on base; Las Vegas 2 - Chicago 0
BOTTOM OF THE 3RD
Chicago Gold Sox batting - Pitching for Las Vegas Flamingos : RHP Germán Rodríguez
Batting: RHB Mario Álvarez 0-0: Ball
1-0: Ground out 6-3 (Groundball, 6)
Batting: RHB Ramón Rodríguez 0-0: Foul Ball, location: 2F
0-1: Fly out, F9 (Flyball, 89S)
Batting: SHB Lupo Cotto 0-0: Called Strike
0-1: Foul Ball, location: 2F
0-2: Strikes out looking
Bottom of the 3rd over - 0 runs, 0 hits, 0 errors, 0 left on base; Las Vegas 2 - Chicago 0
TOP OF THE 4TH
Las Vegas Flamingos batting - Pitching for Chicago Gold Sox : RHP Tom McKee
Batting: LHB Victor Adams 0-0: Called Strike
0-1: Ground out 4-3 (Groundball, 4D)
Batting: RHB Daniel Maldonado 0-0: Ball
1-0: Ball
2-0: Ball
3-0: Called Strike
3-1: Foul Ball, location: 2F
3-2: Strikes out swinging
Batting: RHB Xavier Hernández 0-0: Swinging Strike
0-1: Ball
1-1: Ball
2-1: Called Strike
2-2: Strikes out swinging
Top of the 4th over - 0 runs, 0 hits, 0 errors, 0 left on base; Las Vegas 2 - Chicago 0
BOTTOM OF THE 4TH
Chicago Gold Sox batting - Pitching for Las Vegas Flamingos : RHP Germán Rodríguez
Batting: RHB Shimei Miura 0-0: Ground out 5-3 (Groundball, 56S)
Batting: SHB Valentín Guzmán 0-0: Foul Ball, location: 2F
0-1: Ball
1-1: Ball
2-1: DOUBLE (Line Drive, 9LM)
Batting: RHB Jay Hood 0-0: Ball
1-0: Called Strike
1-1: Ball
2-1: Called Strike
2-2: Ball
3-2: Ground out 6-3 (Groundball, 6)
Batting: RHB Hirohisa Ogasawara 0-0: Called Strike
0-1: Ball
1-1: Ball
2-1: Fly out, F8 (Flyball, 8LD)
Bottom of the 4th over - 0 runs, 1 hit, 0 errors, 1 left on base; Las Vegas 2 - Chicago 0
TOP OF THE 5TH
Las Vegas Flamingos batting - Pitching for Chicago Gold Sox : RHP Tom McKee
Batting: LHB Xu Cheng 0-0: Called Strike
0-1: Ground out 3-1 (Groundball, 34)
Batting: RHB Ellis Greenham 0-0: Ball
1-0: Swinging Strike
1-1: Foul Ball, location: 2F
1-2: Foul Ball, location: 2F
1-2: Fly out, F9 (Line Drive, 9D)
Batting: RHB Jeff Young 0-0: Ball
1-0: Fly out, F4 (Line Drive, 4)
Top of the 5th over - 0 runs, 0 hits, 0 errors, 0 left on base; Las Vegas 2 - Chicago 0
BOTTOM OF THE 5TH
Chicago Gold Sox batting - Pitching for Las Vegas Flamingos : RHP Germán Rodríguez
Batting: RHB Felix Plugge 0-0: Foul Ball, location: 2F
0-1: Ball
1-1: Ball
2-1: Ball
3-1: Called Strike
3-2: Foul Ball, location: 2F
3-2: Strikes out looking
Batting: RHB Zeus Preckwinkle 0-0: Ball
1-0: Called Strike
1-1: Swinging Strike
1-2: Ball
2-2: Foul Ball, location: 2F
2-2: Strikes out swinging
Batting: RHB Mario Álvarez 0-0: Fly out, F8 (Flyball, 8RM)
Bottom of the 5th over - 0 runs, 0 hits, 0 errors, 0 left on base; Las Vegas 2 - Chicago 0
TOP OF THE 6TH
Las Vegas Flamingos batting - Pitching for Chicago Gold Sox : RHP Tom McKee
Batting: LHB Ruud van Ineveld 0-0: Ball
1-0: Called Strike
1-1: Swinging Strike
1-2: SOLO HOME RUN (Flyball, 9LD), Distance : 364 ft
Batting: RHB Sake van Arem 0-0: Called Strike
0-1: Ball
1-1: Ball
2-1: Called Strike
2-2: Foul Ball, location: 2F
2-2: Fly out, F7 (Flyball, 78M)
Batting: RHB Baldomero Avino 0-0: Ball
1-0: Swinging Strike
1-1: Swinging Strike
1-2: Strikes out swinging
Batting: LHB Victor Adams 0-0: Called Strike
0-1: Foul Ball, location: 2F
0-2: Fly out, F8 (Flyball, 8RXD)
Top of the 6th over - 1 run, 1 hit, 0 errors, 0 left on base; Las Vegas 3 - Chicago 0
BOTTOM OF THE 6TH
Chicago Gold Sox batting - Pitching for Las Vegas Flamingos : RHP Germán Rodríguez
Batting: RHB Ramón Rodríguez 0-0: Fly out, F9 (Flyball, 9)
Batting: SHB Lupo Cotto 0-0: Ball
1-0: Called Strike
1-1: Ball
2-1: Swinging Strike
2-2: Fly out, F9 (Flyball, 89M)
Batting: RHB Shimei Miura 0-0: Ball
1-0: Called Strike
1-1: Ball
2-1: Called Strike
2-2: Ball
3-2: Fly out, F7 (Flyball, 78D)
Bottom of the 6th over - 0 runs, 0 hits, 0 errors, 0 left on base; Las Vegas 3 - Chicago 0
TOP OF THE 7TH
Las Vegas Flamingos batting - Pitching for Chicago Gold Sox : RHP Tom McKee
Batting: RHB Daniel Maldonado 0-0: Ball
1-0: Swinging Strike
1-1: Ball
2-1: Ball
3-1: SINGLE (Groundball, 56D)
Batting: RHB Xavier Hernández 0-0: Ball
Daniel Maldonado steals 2nd base
1-0: Intentional Walk
Batting: LHB Xu Cheng 0-0: Ball
1-0: Swinging Strike
1-1: Ball
2-1: Foul Ball, location: 2F
2-2: Ball
3-2: Strikes out looking
Batting: RHB Ellis Greenham 0-0: Ball
1-0: Reached on error, E6 (Groundball, 6M)
Daniel Maldonado to third
Xavier Hernández to second
Batting: RHB Jeff Young 0-0: Ball
1-0: Ball
2-0: Called Strike
2-1: Swinging Strike
2-2: Ball
3-2: Base on Balls
Daniel Maldonado scores
Xavier Hernández to third
Ellis Greenham to second
Batting: LHB Ruud van Ineveld 0-0: Ball
1-0: Foul Ball, location: 2F
1-1: Ball
2-1: Ball
3-1: Base on Balls
Xavier Hernández scores
Ellis Greenham to third
Jeff Young to second
Pitching: LHP Esteban Jiménez
Batting: RHB Sake van Arem 0-0: Ball
1-0: Ball
2-0: Foul Ball, location: 2F
2-1: Swinging Strike
2-2: Foul Ball, location: 2F
2-2: Ball
3-2: Foul Ball, location: 2F
3-2: Grounds into fielders choice 6-2 (Groundball, 6)
Jeff Young to third
Ruud van Ineveld to second
Batting: RHB Baldomero Avino 0-0: Foul Ball, location: 2F
0-1: Ball
1-1: SINGLE (Groundball, 56S) (infield hit)
Jeff Young scores
Ruud van Ineveld to third
Sake van Arem to second
Batting: LHB Victor Adams 0-0: Called Strike
0-1: Ground out 1-3 (Groundball, 15S)
Top of the 7th over - 3 runs, 2 hits, 1 error, 3 left on base; Las Vegas 6 - Chicago 0
BOTTOM OF THE 7TH
Chicago Gold Sox batting - Pitching for Las Vegas Flamingos : RHP Germán Rodríguez
Batting: SHB Valentín Guzmán 0-0: Ball
1-0: Called Strike
1-1: Ground out U3 (Groundball, 34)
Batting: RHB Jay Hood 0-0: Called Strike
0-1: Foul Ball, location: 2F
0-2: Foul Ball, location: 2F
0-2: Strikes out swinging
Batting: RHB Hirohisa Ogasawara 0-0: Swinging Strike
0-1: Foul Ball, location: 2F
0-2: Fly out, F3 (Popup, 3)
Bottom of the 7th over - 0 runs, 0 hits, 0 errors, 0 left on base; Las Vegas 6 - Chicago 0
TOP OF THE 8TH
Las Vegas Flamingos batting - Pitching for Chicago Gold Sox : LHP Esteban Jiménez
Batting: RHB Daniel Maldonado 0-0: Swinging Strike
0-1: Foul Ball, location: 2F
0-2: Ball
1-2: Ball
2-2: Ball
3-2: Base on Balls
Batting: RHB Xavier Hernández 0-0: Called Strike
0-1: Ball
1-1: 2-RUN HOME RUN (Flyball, 7D), Distance : 411 ft
Batting: LHB Xu Cheng 0-0: Fly out, F8 (Flyball, 89M)
Batting: RHB Ellis Greenham 0-0: SINGLE (Groundball, 56) (infield hit)
Batting: RHB Jeff Young 0-0: Ball
1-0: Ball
2-0: Ball
3-0: Base on Balls
Ellis Greenham to second
Batting: LHB Ruud van Ineveld 0-0: Called Strike
0-1: Called Strike
0-2: Strikes out swinging
Batting: RHB Sake van Arem 0-0: Called Strike
0-1: Ball
1-1: Ball
2-1: Called Strike
2-2: SINGLE (Line Drive, 56)
Ellis Greenham to third
Jeff Young to second
Runner from 3rd tries for Home, SAFE, no throw
Batting: RHB Baldomero Avino 0-0: Foul Ball, location: 2F
0-1: Ball
1-1: Ball
2-1: Ball
3-1: Base on Balls
Jeff Young to third
Sake van Arem to second
Batting: LHB Victor Adams 0-0: Called Strike
0-1: Ball
1-1: Ball
2-1: Fly out, F8 (Flyball, 8LS)
Top of the 8th over - 3 runs, 3 hits, 0 errors, 3 left on base; Las Vegas 9 - Chicago 0
BOTTOM OF THE 8TH
Chicago Gold Sox batting - Pitching for Las Vegas Flamingos : RHP Germán Rodríguez
Batting: RHB Felix Plugge 0-0: Ball
1-0: Called Strike
1-1: Called Strike
1-2: Ball
2-2: Ground out 1-3 (Groundball, 13)
Pitching: LHP Alfonso Zapata
Batting: RHB Zeus Preckwinkle 0-0: Called Strike
0-1: Ground out 5-3 (Groundball, 56)
Pinch Hitting: RHB Jeb Sexton 0-0: Ball
1-0: Foul Ball, location: 2F
1-1: Ball
2-1: Fly out, F8 (Flyball, 8RM)
Bottom of the 8th over - 0 runs, 0 hits, 0 errors, 0 left on base; Las Vegas 9 - Chicago 0
TOP OF THE 9TH
Las Vegas Flamingos batting - Pitching for Chicago Gold Sox : LHP Esteban Jiménez
Now at 2B: Jeb Sexton
Batting: RHB Daniel Maldonado 0-0: Ball
1-0: Swinging Strike
1-1: Called Strike
1-2: Ground out 5-3 (Groundball, 56S)
Batting: RHB Xavier Hernández 0-0: Swinging Strike
0-1: Called Strike
0-2: Ball
1-2: Strikes out swinging
Batting: LHB Xu Cheng 0-0: Called Strike
0-1: Foul Ball, location: 2F
0-2: Foul Ball, location: 2F
0-2: Strikes out swinging
Top of the 9th over - 0 runs, 0 hits, 0 errors, 0 left on base; Las Vegas 9 - Chicago 0
BOTTOM OF THE 9TH
Chicago Gold Sox batting - Pitching for Las Vegas Flamingos : LHP Alfonso Zapata
Batting: RHB Ramón Rodríguez 0-0: Ball
1-0: Foul Ball, location: 2F
1-1: Ball
2-1: Ball
3-1: Called Strike
3-2: SINGLE (Groundball, 6MD)
Batting: SHB Lupo Cotto 0-0: Called Strike
0-1: Grounds into double play, U4-3 (Groundball, 6M)
Batting: RHB Shimei Miura 0-0: Called Strike
0-1: Called Strike
0-2: Ball
1-2: Strikes out looking
Bottom of the 9th over - 0 runs, 1 hit, 0 errors, 0 left on base; Las Vegas 9 - Chicago 0
Friday, March 29th, 2019 - OOTP Baseball 18.8 Build 76